 Dungeon Crawl Stone Soup version 0.22.1-2-g9c5b331 (webtiles) character file.

5871 magicm the Basher (level 10, -1/90 HPs)
             Began as a Minotaur Berserker on Nov 12, 2018.
             Was an Elder of Trog.
             Slain by a manticore (17 damage)
             ... on level 11 of the Dungeon.
             The game lasted 00:45:34 (11106 turns).

magicm the Basher (Minotaur Berserker)             Turns: 11106, Time: 00:45:35

Health: -1/90      AC: 14    Str: 22    XL:     10   Next: 52%
Magic:  9/9        EV: 12    Int:  7    God:    Trog [****..]
Gold:   902        SH:  4    Dex: 10    Spells: 9/9 levels left

rFire    . . .     SeeInvis .   t - +2 mace (vamp) {Vlad}
rCold    + + .     Gourm    .   u - +0 buckler
rNeg     . . .     Faith    .   n - +3 scale mail {rC+}
rPois    .         Spirit   .   (helmet restricted)
rElec    .         Reflect  .   (no cloak)
rCorr    .         Harm     .   r - +0 pair of gloves
MR       .....                  k - +0 pair of boots
Stlth    ++........             (no amulet)
HPRegen  0.25/turn              i - ring of stealth
MPRegen  0.11/turn              q - ring of protection from cold

@: about to teleport, drained
A: retaliatory headbutt, horns 2
a: Berserk, Trog's Hand, Brothers in Arms, Renounce Religion


You were on level 11 of the Dungeon.
You worshipped Trog.
Trog was greatly pleased with you.
You were not hungry.

You visited 1 branch of the dungeon, and saw 11 of its levels.
You also visited: Bailey.

You collected 1162 gold pieces.
You spent 260 gold pieces at shops.

Inventory:

Hand Weapons
 t - a +2 vampiric mace (weapon) {Vlad}
Armour
 k - a +0 pair of boots (worn)
 n - a +3 scale mail of cold resistance (worn)
 r - a +0 pair of gloves (worn)
 u - a +0 buckler (worn)
Jewellery
 i - a ring of stealth (left hand)
 q - a ring of protection from cold (right hand)
Wands
 a - a wand of enslavement (28)
 l - a wand of paralysis (31)
Scrolls
 f - 4 scrolls of magic mapping
 m - a scroll of blinking
 o - 4 scrolls of fear
 p - 6 scrolls of remove curse
Potions
 b - 2 potions of agility
 g - 4 potions of curing
 h - a potion of resistance
 s - a potion of ambrosia
Comestibles
 c - 16 rations


   Skills:
 + Level 8.5(7.8) Fighting
 + Level 11.9(11.1) Maces & Flails
 + Level 10.3(9.5) Armour
 + Level 5.8(5.1) Dodging
 + Level 3.1(2.5) Stealth
 + Level 3.2(2.5) Shields


You had 9 spell levels left.
You didn't know any spells.
Your spell library was empty.

Dungeon Overview and Level Annotations

Branches:
Dungeon (11/15)            Temple (0/1) D:4            Lair (0/6) D:11
    Orc (0/2) D:11

Altars:
Cheibriados
Dithmenos
Elyvilon
Gozag
Hepliaklqana
Kikubaaqudgha
Makhleb
Nemelex Xobeh
Okawaru
Sif Muna
Trog
Uskayaw
Vehumet
Wu Jian
Xom
Yredelemnul
Zin
The Shining One

Shops:
D:4 *%%%   D:5 (   D:7 (   D:9 *

Annotations:
D:8 exclusion: statue
D:9 Sharpo's ghost, novice HuBe
D:10 Josephine
D:11 Urug


Innate Abilities, Weirdness & Mutations

You reflexively headbutt those who attack you in melee.
You have a pair of horns on your head.


Message History

The manticore is heavily wounded.
The manticore bites you!
* * * LOW HITPOINT WARNING * * *
You block the manticore's attack.
The manticore claws you but does no damage.
You barely miss the manticore. You headbutt the manticore.
The manticore is heavily wounded.
You carefully extract the barbed spikes from your body.
The manticore bites you.
* * * LOW HITPOINT WARNING * * *
You block the manticore's attack.
The manticore claws you but does no damage.
As you read the scroll of teleportation, it crumbles to dust.
You feel strangely unstable. The manticore bites you.
* * * LOW HITPOINT WARNING * * *
The manticore barely misses you. The manticore closely misses you.
You thump the manticore!
You feel better.
The manticore is severely wounded.
The manticore bites you!
You die...

#####+### #.#8...8#
###+......###
#......>....#
#...........###
#...........'.#
#......>....#@#
#####.........#.Ho.....
#.(.#((...(...###......
#.(.'.........# ......
#=(.########### .....
##### #####


You could see a manticore and an orc.

Vanquished Creatures
  A two-headed ogre (D:9)
  A cyclops (D:11)
  A gargoyle (D:10)
  A troll (D:10)
  Grinder (D:5)
  Prince Ribbit (D:4)
  A hippogriff (D:10)
  9 orc warriors
  An ice beast (D:9)
  2 sky beasts (D:6)
  2 necrophages
  A phantom (D:8)
  5 ogres
  A big kobold (D:9)
  3 bullfrogs
  11 killer bees
  5 wights (D:9)
  6 howler monkeys
  2 crimson imps
  Crazy Yiuf (D:7)
  3 orc priests
  A centaur skeleton (D:10)
  A bullfrog skeleton (D:4)
  3 jellies
  A hound (D:9)
  10 orc wizards
  2 iguanas
  4 worker ants
  A worker ant zombie (D:10)
  2 gnolls (Bailey)
  A howler monkey skeleton (D:10)
  9 adders
  4 worms
  4 leopard geckos
  31 orcs
  5 bats
  2 giant cockroaches
  12 goblins
  9 hobgoblins
  10 jackals
  2 quokkas (D:4)
  3 frilled lizards
  21 kobolds
  6 rats
  A spectral orc (D:5)
  A fungus (D:7)
205 creatures vanquished.

Vanquished Creatures (collateral kills)
  A worker ant (D:9)
1 creature vanquished.

Vanquished Creatures (others)
  A two-headed ogre (D:9)
1 creature vanquished.

Grand Total: 207 creatures vanquished

Notes
Turn   | Place    | Note
-------+----------+-------------------------------------------
     0 | D:1      | magicm the Minotaur Berserker began the quest for the Orb.
     0 | D:1      | Reached XP level 1. HP: 19/19 MP: 0/0
   395 | D:1      | Reached XP level 2. HP: 27/27 MP: 1/1
   752 | D:2      | Reached skill level 4 in Maces & Flails
   891 | D:2      | Found a shadowy altar of Dithmenos.
   978 | D:2      | Found an ornate altar of the Wu Jian Council.
  1036 | D:2      | Found a faded altar of an unknown god.
  1041 | D:2      | Reached XP level 3. HP: 24/33 MP: 2/2
  1328 | D:3      | Reached XP level 4. HP: 35/41 MP: 3/3
  1472 | D:3      | Reached skill level 5 in Maces & Flails
  1655 | D:3      | Reached ** piety under Trog
  1902 | D:3      | Reached XP level 5. HP: 14/47 MP: 4/4
  2160 | D:3      | Found a white marble altar of Elyvilon.
  2365 | D:4      | Noticed an ogre
  2368 | D:4      | Killed an ogre
  2368 | D:4      | Reached skill level 6 in Maces & Flails
  2381 | D:4      | Found a glowing golden altar of the Shining One.
  2400 | D:4      | Reached XP level 6. HP: 49/55 MP: 5/5
  2547 | D:4      | Reached skill level 5 in Fighting
  2681 | D:4      | Found a staircase to the Ecumenical Temple.
  2813 | D:4      | Found Jiraib's Food Boutique.
  2833 | D:4      | Reached skill level 1 in Stealth
  3104 | D:4      | Bought a ration for 50 gold pieces
  3104 | D:4      | Bought a ration for 50 gold pieces
  3151 | D:4      | Found Josuofoz's General Store.
  3161 | D:4      | Bought a scroll of identify for 22 gold pieces
  3242 | D:4      | Found Vuycuiq's Food Emporium.
  3286 | D:4      | Found Cayhyum's Food Shop.
  3444 | D:5      | Entered Level 5 of the Dungeon
  3444 | D:5      | Found a bloodstained altar of Trog.
  3444 | D:5      | Noticed Prince Ribbit
  3539 | D:4      | Killed Prince Ribbit
  3539 | D:4      | Reached skill level 7 in Maces & Flails
  3539 | D:4      | Reached skill level 5 in Armour
  3539 | D:4      | Reached XP level 7. HP: 24/61 MP: 6/6
  3743 | D:5      | Found a basalt altar of Yredelemnul.
  3786 | D:5      | Found Mexzuxkutt's Weapon Shoppe.
  3817 | D:5      | Noticed Grinder
  3828 | D:5      | Killed Grinder
  3849 | D:5      | Reached XP level 8. HP: 37/70 MP: 7/7
  4101 | D:5      | Found a hazy altar of Hepliaklqana.
  4300 | D:6      | Reached skill level 8 in Maces & Flails
  4487 | D:6      | Reached *** piety under Trog
  4784 | D:7      | Found Antess's Antique Weapon Shop.
  4837 | D:7      | Found a flagged portal.
  4871 | Bailey   | Entered a bailey
  4906 | Bailey   | Reached skill level 9 in Maces & Flails
  5203 | D:7      | Bought a glowing mace for 138 gold pieces
  5829 | D:7      | Found a runed door.
  5833 | D:7      | Noticed Crazy Yiuf
  5838 | D:7      | Killed Crazy Yiuf
  5838 | D:7      | Reached **** piety under Trog
  5838 | D:7      | Reached skill level 1 in Shields
  5903 | D:8      | Got a vibrating glass ring
  5952 | D:8      | Reached XP level 9. HP: 68/78 MP: 8/8
  6020 | D:8      | Found a burning altar of Makhleb.
  6021 | D:8      | Identified the ring of Vehumet's Vengeance {Wiz rN+ Dex+2}
                  | (You found it on level 8 of the Dungeon)
  6024 | D:8      | Noticed a green death
  6026 | D:8      | Found a glowing silver altar of Zin.
  6027 | D:8      | Noticed an angel
  6152 | D:8      | Found a deep blue altar of Sif Muna.
  6153 | D:8      | Found an ancient bone altar of Kikubaaqudgha.
  6572 | D:8      | Found a radiant altar of Vehumet.
  6595 | D:8      | Found a hide-covered altar of Uskayaw.
  6631 | D:8      | Reached skill level 10 in Maces & Flails
  6719 | D:8      | Found a shimmering altar of Xom.
  6721 | D:8      | Found a shimmering altar of Xom.
  6723 | D:8      | Found a shimmering altar of Xom.
  6723 | D:8      | Found a shimmering altar of Xom.
  6723 | D:8      | Found a shimmering altar of Xom.
  6723 | D:8      | Found a shimmering altar of Xom.
  6725 | D:8      | Found a shimmering altar of Xom.
  6966 | D:9      | Noticed a two-headed ogre
  6985 | D:9      | Found Gozag's Platinum Reserve.
  6985 | D:9      | Found an opulent altar of Gozag.
  7371 | D:9      | Found an iron altar of Okawaru.
  7371 | D:9      | Noticed a two-headed ogre
  7382 | D:9      | Killed a two-headed ogre
  7434 | D:9      | Reached skill level 5 in Dodging
  7507 | D:9      | Reached skill level 11 in Maces & Flails
  7677 | D:9      | Found a runed gate.
  7677 | D:9      | Found a runed gate.
  7678 | D:9      | Found a runed gate.
  7682 | D:9      | Noticed Sharpo's ghost (novice HuBe)
  8373 | D:9      | Found a snail-covered altar of Cheibriados.
  8562 | D:9      | Found a sparkling altar of Nemelex Xobeh.
  8747 | D:9      | Reached XP level 10. HP: 88/88 MP: 9/9
  9058 | D:10     | Entered Level 10 of the Dungeon
  9066 | D:10     | Noticed a gargoyle
  9078 | D:10     | Killed a gargoyle
  9319 | D:10     | Reached skill level 10 in Armour
  9420 | D:10     | Noticed Josephine
 10598 | D:11     | Noticed Urug
 10909 | D:11     | Found a staircase to the Lair.
 10910 | D:11     | Found a staircase to the Orcish Mines.
 10911 | D:11     | Noticed a cyclops
 10925 | D:11     | Killed a cyclops
 11093 | D:11     | Noticed a manticore
 11106 | D:11     | Slain by a manticore

Skill      XL: |  1  2  3  4  5  6  7  8  9 10 |
---------------+-------------------------------+-----
Fighting       | 4 5 6 7 8 |  8.5
Maces & Flails | 4 5 6 7 9 11 | 11.9
Armour         | 3 4 5 6 8 9 10 | 10.3
Dodging        | 3 4 5 |  5.8
Stealth        | 1 2 3 |  3.1
Shields        | 1 2 3 |  3.2

Action                   |  1- 3 |  4- 6 |  7- 9 | 10-12 || total
-------------------------+-------+-------+-------+-------++-------
Melee: Mace              |    47 |   136 |   398 |   125 ||   706
       Headbutt          |     3 |    17 |    72 |    36 ||   128
Invok: Berserk           |       |       |     1 |       ||     1
       Trog's Hand       |       |       |     1 |       ||     1
       Brothers in Arms  |       |       |     1 |       ||     1
Evoke: Wand              |       |       |     1 |     1 ||     2
  Use: Scroll            |    10 |    12 |    18 |     5 ||    45
       Potion            |       |     1 |     6 |     1 ||     8
 Stab: Sleeping          |     1 |       |     1 |       ||     2
       Distracted        |       |       |     1 |       ||     1
  Eat: Ration            |     1 |     2 |     5 |     2 ||    10
Armor: Ring mail         |    23 |       |       |       ||    23
       Scale mail        |       |    58 |   182 |    62 ||   302
Dodge: Dodged            |    26 |    80 |   192 |    73 ||   371
Block: Buckler           |       |       |    53 |    27 ||    80
